General information
- name: BNet
- type: Ladder team game (AT/RT)
- host: Battle.net
- saver: 13fr6
map: LastManStanding
- players: 8
- length: 23:07
- speed: Fast
- version: 1.27 W3XP
- replay type: Public
» download(123 KB)
Players
team 1 (loser)

»
Ztos (
teal | 64 APM | 984 actions | 15:21)
4 Far Seer
2 Feral Spirit
2 Chain Lighting
3 Firelord
2 Summon Lava Spawn
1 Soul Burn
» actions
| Assign group hotkey | 23 | |
| Basic commands | 14 | |
| Build / train | 48 | |
| ESC pressed | 2 | |
| Enter build submenu | 14 | |
| Enter hero's abilities submenu | 7 | |
| Give item / drop item | 1 | |
| Right click | 373 | |
| Select / deselect | 253 | |
| Select group hotkey | 172 | |
| Use ability | 77 | |
984 total
» units
| Peon | 10 | |
| Centaur Outrunner | 2 | |
| Troll Batrider | 10 | |
| Shaman | 2 | |
| Wind Rider | 1 | |
25 total
» upgrades
| Ranged Weapons | 3 | |
| Armor | 1 | |
| Liquid Fire | 1 | |
| Shaman Training | 2 | |
7 total
» buildings
| Altar of Storms | 1 | |
| Orc Burrow | 6 | |
| Voodoo Lounge | 2 | |
| Stronghold | 2 | |
| War Mill | 1 | |
| Fortress | 1 | |
| Beastiary | 2 | |
| Spirit Lodge | 2 | |
17 total
» build order
00:09 Altar of Storms
00:11 Orc Burrow
01:06 Voodoo Lounge
01:25 Orc Burrow
02:34 Stronghold
02:34 Stronghold
02:45 War Mill
03:35 Orc Burrow
04:28 Orc Burrow
04:31 Orc Burrow
05:02 Fortress
05:29 Beastiary
05:32 Beastiary
05:47 Orc Burrow
06:48 Spirit Lodge
06:52 Spirit Lodge
14:40 Voodoo Lounge
» items
| Healing Salve | 1 | |
| Lesser Clarity Potion | 2 | |
| Scroll of Town Portal | 1 | |
4 total
RUS_PVL (
purple | 58 APM | 909 actions | 15:35)
5 Firelord
3 Summon Lava Spawn
1 Incinerate
1 Soul Burn
» actions
| Assign group hotkey | 17 | |
| Build / train | 34 | |
| Enter build submenu | 19 | |
| Enter hero's abilities submenu | 5 | |
| Give item / drop item | 1 | |
| Right click | 424 | |
| Select / deselect | 164 | |
| Select group hotkey | 198 | |
| Use ability | 47 | |
909 total
» units
| Peasant | 8 | |
| Goblin Shredder | 4 | |
| Gryphon Rider | 4 | |
16 total
» upgrades
| Swords | 3 | |
| Armor | 1 | |
| Storm Hammers | 1 | |
5 total
» buildings
| Farm | 7 | |
| Keep | 1 | |
| Altar of Kings | 1 | |
| Arcane Vault | 2 | |
| Blacksmith | 2 | |
| Castle | 1 | |
| Lumber Mill | 1 | |
| Gryphon Aviary | 4 | |
| Town Hall | 1 | |
| Scout Tower | 4 | |
| Guard Tower | 2 | |
26 total
» build order
00:09 Farm
00:19 Farm
02:06 Keep
02:11 Altar of Kings
02:19 Farm
02:48 Arcane Vault
03:17 Blacksmith
03:24 Blacksmith
03:31 Farm
03:32 Farm
06:35 Castle
06:56 Lumber Mill
08:00 Gryphon Aviary
08:10 Gryphon Aviary
08:14 Gryphon Aviary
09:12 Gryphon Aviary
09:18 Farm
09:19 Farm
10:34 Town Hall
10:43 Arcane Vault
10:59 Scout Tower
11:00 Scout Tower
11:01 Scout Tower
11:02 Scout Tower
11:46 Guard Tower
11:50 Guard Tower
» items
| Scroll of Regeneration | 1 | |
| Scroll of Town Portal | 2 | |
3 total

»
FulgoRifiK (
pink | 31 APM | 481 actions | 15:42)
4 Paladin
1 Holy Light
2 Devotion Aura
1 Divine Shield
» actions
| Build / train | 58 | |
| Enter build submenu | 20 | |
| Enter hero's abilities submenu | 4 | |
| Remove unit from queue | 1 | |
| Right click | 193 | |
| Select / deselect | 163 | |
| Use ability | 42 | |
481 total
» units
| Peasant | 14 | |
| Footman | 5 | |
| Gryphon Rider | 13 | |
| Priest | 5 | |
| Dragonhawk Rider | 1 | |
38 total
» upgrades
| Swords | 3 | |
| Armor | 3 | |
| Masonry | 0 | |
| Lumber Harvesting | 2 | |
| Priest Training | 2 | |
| Storm Hammers | 1 | |
11 total
» buildings
| Farm | 11 | |
| Altar of Kings | 1 | |
| Barracks | 1 | |
| Lumber Mill | 1 | |
| Arcane Vault | 1 | |
| Blacksmith | 1 | |
| Keep | 1 | |
| Town Hall | 1 | |
| Castle | 1 | |
| Gryphon Aviary | 2 | |
| Arcane Sanctum | 1 | |
22 total
» build order
00:24 Farm
00:39 Altar of Kings
00:57 Barracks
01:06 Farm
01:12 Lumber Mill
01:54 Farm
02:09 Arcane Vault
02:27 Blacksmith
02:37 Farm
03:22 Farm
03:55 Keep
04:07 Farm
04:52 Farm
05:45 Town Hall
06:05 Farm
06:34 Castle
06:39 Gryphon Aviary
06:44 Gryphon Aviary
06:58 Arcane Sanctum
07:07 Farm
07:49 Farm
08:39 Farm
» items
Joanme (
green | 34 APM | 787 actions | 23:06)
3 Archmage
2 Summon Water Elemental
1 Blizzard
1 Blood Mage
1 Flame Strike
» actions
| Assign group hotkey | 13 | |
| Build / train | 123 | |
| Enter build submenu | 48 | |
| Enter hero's abilities submenu | 4 | |
| Give item / drop item | 1 | |
| Right click | 151 | |
| Select / deselect | 249 | |
| Select group hotkey | 134 | |
| Use ability | 64 | |
787 total
» units
| Peasant | 45 | |
| Footman | 2 | |
| Rifleman | 13 | |
| Gryphon Rider | 17 | |
| Dragonhawk Rider | 3 | |
80 total
» upgrades
| Masonry | 4 | |
| Gunpowder | 4 | |
| Armor | 4 | |
| Swords | 3 | |
| Long Rifles | 1 | |
| Lumber Harvesting | 3 | |
| Storm Hammers | 1 | |
20 total
» buildings
| Farm | 17 | |
| Altar of Kings | 2 | |
| Barracks | 1 | |
| Blacksmith | 1 | |
| Lumber Mill | 1 | |
| Arcane Vault | 1 | |
| Scout Tower | 18 | |
| Guard Tower | 11 | |
| Arcane Tower | 4 | |
| Town Hall | 3 | |
| Keep | 1 | |
| Gryphon Aviary | 2 | |
| Castle | 1 | |
63 total
» build order
00:39 Farm
00:55 Altar of Kings
01:20 Farm
01:27 Barracks
01:58 Farm
02:04 Blacksmith
02:12 Lumber Mill
02:39 Arcane Vault
02:44 Scout Tower
02:54 Farm
03:17 Scout Tower
03:20 Guard Tower
03:49 Arcane Tower
05:49 Town Hall
05:58 Farm
06:03 Scout Tower
06:10 Keep
06:35 Scout Tower
06:38 Arcane Tower
06:41 Scout Tower
07:04 Guard Tower
07:07 Farm
07:11 Guard Tower
07:14 Farm
07:57 Farm
08:39 Farm
09:04 Gryphon Aviary
09:20 Farm
09:25 Gryphon Aviary
16:23 Castle
16:34 Farm
16:38 Scout Tower
17:30 Farm
17:33 Guard Tower
17:37 Scout Tower
17:46 Farm
18:11 Arcane Tower
18:18 Scout Tower
18:21 Scout Tower
18:54 Guard Tower
18:56 Guard Tower
19:01 Scout Tower
19:21 Altar of Kings
19:26 Farm
19:39 Guard Tower
19:51 Scout Tower
20:23 Arcane Tower
20:25 Scout Tower
20:46 Town Hall
20:53 Guard Tower
21:01 Town Hall
21:12 Farm
21:37 Scout Tower
21:59 Farm
22:12 Guard Tower
22:14 Scout Tower
22:18 Scout Tower
22:23 Farm
22:40 Scout Tower
22:54 Guard Tower
22:55 Guard Tower
22:57 Scout Tower
23:00 Scout Tower
team 2 (winner)
13fr6 (
red | 43 APM | 997 actions | 23:07)
8 Blood Mage
3 Flame Strike
3 Siphon Mana
1 Summon Phoenix
1 Banish
» actions
| Assign group hotkey | 19 | |
| Basic commands | 81 | |
| Build / train | 84 | |
| Enter build submenu | 27 | |
| Enter hero's abilities submenu | 8 | |
| Right click | 342 | |
| Select / deselect | 174 | |
| Select group hotkey | 179 | |
| Use ability | 83 | |
997 total
» units
| Peasant | 25 | |
| Footman | 7 | |
| Goblin Shredder | 4 | |
| Dragonhawk Rider | 2 | |
| Gryphon Rider | 6 | |
| Knight | 3 | |
47 total
» upgrades
| Storm Hammers | 1 | |
| Swords | 3 | |
| Armor | 3 | |
| Masonry | 1 | |
8 total
» buildings
| Barracks | 1 | |
| Farm | 13 | |
| Altar of Kings | 1 | |
| Lumber Mill | 2 | |
| Town Hall | 1 | |
| Keep | 2 | |
| Castle | 2 | |
| Gryphon Aviary | 3 | |
| Arcane Vault | 1 | |
| Blacksmith | 2 | |
28 total
» build order
00:25 Barracks
00:43 Farm
01:13 Altar of Kings
01:17 Farm
01:44 Lumber Mill
02:50 Farm
03:40 Farm
04:45 Town Hall
04:56 Keep
04:56 Keep
05:34 Lumber Mill
10:09 Castle
10:11 Gryphon Aviary
10:13 Gryphon Aviary
10:15 Gryphon Aviary
10:17 Arcane Vault
10:19 Farm
10:20 Farm
10:24 Farm
11:18 Farm
11:20 Farm
11:27 Farm
12:32 Farm
12:36 Blacksmith
12:38 Blacksmith
12:41 Farm
16:49 Farm
» items
| Scroll of Town Portal | 1 | |
| Potion of Healing | 2 | |
| Potion of Mana | 1 | |
| Scroll of Healing | 2 | |
6 total
FukkingNoob (
yellow | 4 APM | 21 actions | 04:44)
» actions
| Right click | 8 | |
| Select / deselect | 11 | |
| Use ability | 2 | |
21 total
TimIsHere (
orange | 65 APM | 1501 actions | 23:06)
10 Death Knight
3 Death Coil
3 Death Pact
3 Unholy Aura
1 Animate Dead
» actions
| Assign group hotkey | 50 | |
| Basic commands | 7 | |
| Build / train | 65 | |
| Enter build submenu | 26 | |
| Enter hero's abilities submenu | 10 | |
| Give item / drop item | 3 | |
| Remove unit from queue | 1 | |
| Right click | 358 | |
| Select / deselect | 200 | |
| Select group hotkey | 724 | |
| Use ability | 57 | |
1501 total
» units
| Acolyte | 12 | |
| Ghoul | 6 | |
| Crypt Fiend | 2 | |
| Frost Wyrm | 18 | |
38 total
» upgrades
| Creature Attack | 3 | |
| Web | 1 | |
| Creature Carapace | 2 | |
| Freezing Breath | 1 | |
7 total
» buildings
| Ziggurat | 11 | |
| Altar of Darkness | 1 | |
| Crypt | 1 | |
| Graveyard | 1 | |
| Halls of the Dead | 1 | |
| Tomb of Relics | 1 | |
| Black Citadel | 1 | |
| Sacrificial Pit | 1 | |
| Boneyard | 6 | |
24 total
» build order
00:05 Ziggurat
00:09 Altar of Darkness
00:37 Crypt
01:05 Graveyard
01:26 Ziggurat
01:36 Ziggurat
01:55 Ziggurat
02:33 Halls of the Dead
04:09 Tomb of Relics
04:27 Ziggurat
04:28 Ziggurat
04:33 Ziggurat
04:35 Ziggurat
04:55 Black Citadel
04:59 Sacrificial Pit
05:12 Ziggurat
05:18 Ziggurat
07:17 Boneyard
07:19 Boneyard
07:20 Boneyard
07:54 Boneyard
08:21 Ziggurat
08:31 Boneyard
08:35 Boneyard
» items
| Rod of Necromancy | 1 | |
| Potion of Healing | 1 | |
| Potion of Mana | 2 | |
| Orb of Corruption | 1 | |
| Scroll of Healing | 1 | |
6 total
Taurunum (
blue | 72 APM | 1653 actions | 23:06)
8 Shadow Hunter
3 Healing Wave
3 Serpent Ward
1 Hex
1 Big Bad Voodoo
» actions
| Build / train | 53 | |
| Enter build submenu | 14 | |
| Enter hero's abilities submenu | 8 | |
| Right click | 1301 | |
| Select / deselect | 226 | |
| Use ability | 51 | |
1653 total
» units
| Peon | 9 | |
| Grunt | 4 | |
| Centaur Outrunner | 2 | |
| Harpy Rogue | 1 | |
| Troll Headhunter/Berserker | 7 | |
| Wind Rider | 9 | |
32 total
» upgrades
| Armor | 3 | |
| Ranged Weapons | 2 | |
| Spiked Barricades | 1 | |
| Troll Regeneration | 1 | |
| Berserker Upgrade | 1 | |
| Envenomed Spears | 1 | |
9 total
» buildings
| Altar of Storms | 1 | |
| Orc Burrow | 7 | |
| Barracks | 1 | |
| War Mill | 1 | |
| Voodoo Lounge | 1 | |
| Stronghold | 1 | |
| Watch Tower | 1 | |
| Beastiary | 1 | |
| Fortress | 1 | |
15 total
» build order
00:09 Altar of Storms
00:12 Orc Burrow
00:25 Barracks
04:39 Orc Burrow
05:38 Orc Burrow
05:58 Orc Burrow
06:41 War Mill
07:17 Orc Burrow
07:28 Voodoo Lounge
08:51 Stronghold
09:00 Orc Burrow
10:42 Watch Tower
12:19 Beastiary
12:32 Fortress
18:43 Orc Burrow
» items
Chat log
(00:20 / Allies) TimIsHere: 100?
(00:59 / Allies) 13fr6: get his mine
(01:06 / Allies) TimIsHere: lol?
(01:06 / Allies) 13fr6: fast tech mass air
(01:11 / Allies) TimIsHere: k
(01:25 / Allies) 13fr6: this is one of the best maps for 3v4
(02:10 / Allies) 13fr6: afk
(02:19 / Allies) TimIsHere: just try
(02:20 / Allies) TimIsHere: ^^
(02:23 / Allies) 13fr6: fine
(02:26 / Allies) 13fr6: mass frost n grih?
(02:47 / Allies) TimIsHere: wood 100
(02:56 / Allies) TimIsHere: fo rexe
(03:03 / Allies) TimIsHere: take his mine
(03:18 / Allies) FukkingNoob: gj nabs
(03:22 / Allies) FukkingNoob: I see you doin well
(03:29 / Allies) 13fr6: not really
(03:32 / Allies) 13fr6: its 2v4
(03:35 / Allies) FukkingNoob: go win game for me
(03:43 / Allies) FukkingNoob: omg
(03:44 / Allies) FukkingNoob: blue gamer uiner
(03:49 / Allies) FukkingNoob: gameruiner fucker
(03:50 / Allies) FukkingNoob: omfg
(03:52 / Allies) FukkingNoob: report him
(03:52 / Allies) TimIsHere: take blue mine
(03:54 / Allies) 13fr6: i know right
(03:57 / Allies) 13fr6: oh good idea actually
(04:00 / Allies) FukkingNoob: idiot afker
(04:22 / Allies) FukkingNoob: red noob
(04:28 / Allies) FukkingNoob: dying militia on expo
(04:31 / Allies) FukkingNoob: total nab
(04:38 / Allies) 13fr6: i know right
(04:42 / Allies) FukkingNoob: we cant win it
(04:43 / Allies) FukkingNoob: noob team
(04:43 / Allies) FukkingNoob: gg
(04:58 / Allies) 13fr6: wood pls
(05:08 / Allies) 13fr6: u back blue?
(05:15 / Allies) 13fr6: we massing air
(07:17 / Allies) 13fr6: ok
(07:22 / Allies) 13fr6: we will hit pionks expo and teal
(07:25 / Allies) 13fr6: but we need mass frosties fast
(07:28 / Allies) 13fr6: so what we''ll do
(07:31 / Allies) 13fr6: is illfeed u blue
(07:31 / Allies) TimIsHere: doing
(07:34 / Allies) 13fr6: orange
(07:38 / Allies) 13fr6: and u go 100 frost asa
(07:48 / Allies) TimIsHere: k
(07:49 / Allies) 13fr6: and we will try to take out teal and pink
(07:51 / Allies) 13fr6: and even the odds
(07:54 / Allies) 13fr6: asap
(08:15 / Allies) 13fr6: make 1 more zig
(08:19 / Allies) 13fr6: and 2 more frost buildings
(08:35 / Allies) 13fr6: we have to do this asa
(08:36 / Allies) 13fr6: asap
(08:38 / Allies) 13fr6: so dont get ugrades
(08:42 / Allies) 13fr6: just focus on 100 food
(08:45 / Allies) TimIsHere: wood
(08:58 / Allies) 13fr6: i have shredder wood coming hard soon
(09:07 / Allies) 13fr6: make a graveyard as well actually in addition to the one u have
(09:10 / Allies) 13fr6: so we can double upgrade
(09:23 / Allies) TimIsHere: no need
(09:28 / Allies) TimIsHere: just 2left
(09:29 / Allies) 13fr6: ya
(09:33 / Allies) 13fr6: perfect
(09:40 / Allies) 13fr6: ok we have to hit hard
(09:45 / Allies) 13fr6: get an invul potion as well
(09:53 / Allies) 13fr6: but we dont need
(10:06 / Allies) 13fr6: come blue
(10:21 / Allies) TimIsHere: wood
(10:34 / Allies) 13fr6: come blue
(10:36 / Allies) 13fr6: meet with oj
(10:38 / Allies) 13fr6: we need to attack now
(10:39 / Allies) 13fr6: soon
(10:52 / Allies) 13fr6: get all upgrades?
(10:59 / Allies) 13fr6: kill ur gouls
(11:01 / Allies) 13fr6: and then lets go
(11:06 / Allies) 13fr6: actually bring ur gouls too
(11:08 / Allies) 13fr6: i got ur wood needs
(11:12 / Allies) 13fr6: and once they die make more frost
(11:30 / Allies) TimIsHere: ghoul must die
(11:33 / Allies) 13fr6: yes
(11:37 / Allies) 13fr6: we need to hit now
(11:39 / Allies) 13fr6: skip the creeps
(11:42 / Allies) 13fr6: go straight for exo
(11:46 / Allies) 13fr6: we need to take teal and pink out
(11:47 / Allies) 13fr6: now
(11:50 / Allies) 13fr6: every second count
(12:08 / Allies) 13fr6: skip the creeps
(12:11 / Allies) 13fr6: hit teal and ur
(12:13 / Allies) 13fr6: hit teals burrwos
(12:59 / Allies) 13fr6: gogogogogogo
(13:01 / Allies) 13fr6: every second counts
(13:03 / Allies) 13fr6: get peons
(13:05 / Allies) 13fr6: the nteals burrows
(13:09 / Allies) 13fr6: we need to get teals burrows asap
(13:22 / Allies) 13fr6: teals burrows guys
(13:25 / Allies) 13fr6: skip everything else
(13:32 / Allies) 13fr6: skip everyhting
(13:34 / Allies) 13fr6: hit his burrows
(13:35 / Allies) 13fr6: now
(13:40 / Allies) 13fr6: we need to take teals burrows out
(13:46 / Allies) 13fr6: so he cant make units
(13:49 / Allies) 13fr6: then kill pinks castle
(13:50 / Allies) 13fr6: asap
(13:58 / Allies) TimIsHere: wood
(14:11 / Allies) 13fr6: BURROWS
(14:13 / Allies) 13fr6: GET HIS BURROWS
(14:17 / Allies) 13fr6: OJ
(14:22 / Allies) 13fr6: GET HIS BURROWS THEN PINKS CASTLE
(14:24 / Allies) 13fr6: WE NEED TO TAKE BOTH OUT
(15:27 / Allies) 13fr6: GET PINKS CASTLE
(15:28 / Allies) 13fr6: HURRY
(15:33 / Allies) 13fr6: LEAVE IT OJ
(15:33 / Allies) 13fr6: COME
(15:42 / Allies) 13fr6: OIJ LEAVE TEAL
(15:44 / Allies) 13fr6: COME TO PINK
(15:45 / Allies) 13fr6: HIT HIM
(15:46 / All) TimIsHere: hahahah
(16:00 / Allies) TimIsHere: wood
(16:11 / Allies) 13fr6: NICE
(16:13 / Allies) 13fr6: 2V4
(16:14 / Allies) 13fr6: and to think
(16:20 / Allies) 13fr6: my strats made it happen hehehee
(16:28 / All) 13fr6: its all in the brain boys
(16:31 / All) 13fr6: thats how this games won
(16:44 / Allies) TimIsHere: wood
(16:45 / Allies) TimIsHere: wood
(16:51 / Allies) TimIsHere: 200
(17:04 / Allies) TimIsHere: wood?
(17:17 / Allies) TimIsHere: need wood for tech
(17:19 / Allies) TimIsHere: no ghoul
(17:41 / Allies) TimIsHere: red?
(17:42 / Allies) TimIsHere: wood??
(18:07 / Allies) TimIsHere: WOOD
(18:37 / Allies) TimIsHere: nbice one
(18:50 / Allies) TimIsHere: WOOOOOD
(19:07 / Allies) TimIsHere: red why tk?
(19:40 / Allies) TimIsHere: why???
(19:42 / Allies) TimIsHere: u stupid?
(20:12 / Allies) TimIsHere: u lol man
(20:13 / All) TimIsHere: moron
(20:41 / All) TimIsHere: u really lost 2vs4 on this map ^^
(20:57 / All) 13fr6: who says theyll lose lol
(20:59 / All) 13fr6: they got me
(22:10 / Allies) TimIsHere: go blue
(22:11 / Allies) TimIsHere: with me